 Dungeon Crawl Stone Soup version 0.29.1-12-g30fa7ad0bf (webtiles) character file.

Game seed: 5539463239415167898

46 MisterFreud the Ducker (level 3, -5/17 HPs)
             Began as a Felid Berserker on Jan 16, 2023.
             Was a Believer of Trog.
             Slain by Natasha (8 damage)
             ... on level 2 of the Dungeon.
             The game lasted 00:01:09 (1792 turns).

MisterFreud the Ducker (Felid Berserker)            Turns: 1792, Time: 00:01:10

Health: -5/17      AC:  1    Str: 13    XL:     3   Next: 44%
Magic:  4/4        EV: 18    Int:  8    God:    Trog [**....]
Gold:   42         SH:  0    Dex: 17    Spells: 2/2 levels left
                                        Lives:  0   Deaths: 0

rFire   . . .      SeeInvis +     - Unarmed
rCold   . . .      Faith    .   (shield unavailable)
rNeg    . . .      Spirit   .   (body armour unavailable)
rPois   .          Reflect  .   (helmet unavailable)
rElec   .          Harm     .   (cloak unavailable)
rCorr   .          Rampage  .   (gloves unavailable)
Will    .....                   (boots unavailable)
Stlth   ++........              (no amulet)
HPRegen 0.05/turn               (no ring)
MPRegen 0.09/turn               (no ring)

@: quick
A: very small, claws 1, fangs 3, see invisible, speed 1, shaggy fur 1, stealthy
paws, no weapons or thrown items, no armour, multi-lived
a: Renounce Religion, Berserk, Trog's Hand


You were on level 2 of the Dungeon.
You worshipped Trog.
Trog was pleased with you.
You visited 1 branch of the dungeon, and saw 2 of its levels.

You collected 42 gold pieces.

Inventory:

Scrolls
 a - a scroll of fog
 f - a scroll of enchant armour {unknown}
 h - a scroll of teleportation {unknown}
Potions
 b - a potion of degeneration {unknown}
 c - 2 potions of heal wounds {unknown}
 d - a potion of curing {unknown}
 e - a potion of berserk rage {unknown}
 g - a potion of brilliance {unknown}
 i - a potion of lignification {unknown}


   Skills:
 - Level 3.0 Fighting
 - Level 4.0 Dodging
 + Level 3.2 Stealth
 + Level 3.8 Unarmed Combat


You had 2 spell levels left.
You didn't know any spells.
Your spell library was empty.

Dungeon Overview and Level Annotations

Branches:
Dungeon (2/15)

Altars:

Annotations:
D:2 Natasha


Innate Abilities, Weirdness & Mutations

You have sharp claws.
You have razor-sharp teeth.
You have supernaturally acute eyesight. (SInv)
You cover ground quickly. (Speed+)
You are covered in fur. (AC +1)
Your paws help you pounce on unaware monsters.
You are incapable of wielding weapons or throwing items.
You cannot wear armour.
You gain extra lives every three experience levels.


Message History

The jackal completely misses you.
The jackal barks!
You scratch the jackal.
The jackal is almost dead.
The jackal barely misses you. The jackal closely misses you.
You scratch the jackal.
You kill the jackal!
Trog accepts your kill. The jackal misses you.
Natasha, Servant of Life and Death comes into view.
An endoplasm comes into view.
Natasha hisses angrily.
You claw the jackal!
You kill the jackal!
Trog accepts your kill.
You scratch the jackal.
The jackal is moderately wounded.
The jackal closely misses you.
You scratch the jackal.
The jackal is heavily wounded.
The jackal completely misses you.
You closely miss the jackal.
The jackal is moderately wounded.
The jackal completely misses you.
You barely miss the jackal.
The jackal is moderately wounded.
The jackal completely misses you. x2
You scratch the jackal.
You kill the jackal!
Trog accepts your kill.
You claw the endoplasm!
You kill the endoplasm!
Trog accepts your kill.
You closely miss Natasha. Natasha claws you!
* * * LOW HITPOINT WARNING * * *
You are too injured to fight recklessly!
You scratch Natasha. You bite Natasha, but do no damage.
Natasha is heavily wounded.
Natasha claws you!
You die...

## .## #.. .. .#
.############†###.##
..........@h†.......
######.#######.....
#.# .## #.# #.# #.#
#.# #.# #.##


You could see Natasha.

Vanquished Creatures
  2 dart slugs (D:1)
  3 ball pythons
  4 endoplasms
  A giant cockroach (D:1)
  6 goblins (D:1)
  7 hobgoblins
  3 jackals (D:2)
  A quokka (D:1)
  2 bats (D:1)
  4 frilled lizards
  A kobold (D:1)
  4 rats
38 creatures vanquished.

Notes
Turn   | Place    | Note
-------+----------+-------------------------------------------
     0 | D:1      | MisterFreud the Felid Berserker began the quest for the
                  | Orb.
     0 | D:1      | Reached XP level 1. HP: 10/10 MP: 2/2
   118 | D:1      | Reached skill level 1 in Stealth
   452 | D:1      | Reached XP level 2. HP: 14/14 MP: 3/3
  1246 | D:1      | Reached ** piety under Trog
  1263 | D:1      | Reached XP level 3. HP: 10/17 MP: 4/4
  1781 | D:2      | Noticed Natasha
  1792 | D:2      | Slain by Natasha

Illustrated notes

Levels and vault maps discovered:
D:1:      noname_arrival_rooms_in_the_neighbourhood, layout_loops_cross,
          minmay_pentomino_v4
D:2:      layout_loops_ring, minmay_crystal_room, uniq_natasha,
          uniq_crazy_yiuf_cottage, uniq_robin

Skill      XL: |  1  2  3 |
---------------+----------+-----
Stealth        | 1 2 3 |  3.2
Fighting       | |  3.0
Dodging        | |  4.0
Unarmed Combat | |  3.8

Action                   || total
-------------------------++-------
Melee: Unarmed           ||    85
       Bite              ||     7
Invok: Berserk           ||     1
  Use: Scroll            ||     3
 Stab: Sleeping          ||     8
Armor: Skin              ||     1
Dodge: Dodged            ||    52
